 Dungeon Crawl Stone Soup version 0.30-a0-723-gc1506a1cf0 (webtiles) character file.

Game seed: 6896621611236920017

844 timneilson the Trooper (level 8, -3/50 HPs)
             Began as a Gargoyle Fighter on Jan 29, 2023.
             Was a Follower of Okawaru.
             Slain by an ogre
             ... wielding a +0 giant club
              (19 damage)
             ... on level 5 of the Dungeon.
             The game lasted 00:06:18 (3845 turns).

timneilson the Trooper (Gargoyle Fighter)           Turns: 3845, Time: 00:06:19

Health: -3/50      AC: 12    Str: 22    XL:     8   Next: 0%
Magic:  10/10      EV: 15    Int: 12    God:    Okawaru [*.....]
Gold:   293        SH:  5    Dex:  9    Spells: 7/7 levels left

rFire   + . .      SeeInvis .    a - +0 long sword
rCold   . . .      Faith    .    c - +1 buckler
rNeg    + . .      Spirit   .    b - +0 scale mail
rPois   ∞          Reflect  .    (no helmet)
rElec   +          Harm     .    (no cloak)
rCorr   +          Rampage  .    (no gloves)
Will    .....                    (no boots)
Stlth   +                        q - amulet of regeneration
HPRegen 1.08/turn                t - +5 ring of evasion
MPRegen 0.12/turn                o - ring "Fijarr" {rPois rF+ rCorr Int+3 Stlth+}

@: no status effects
A: sickness immunity, AC +5, negative energy resistance 1, electricity
resistance, torment resistance 1, petrification resistance
a: Renounce Religion, Heroism


You were on level 5 of the Dungeon.
You worshipped Okawaru.
Okawaru was aware of your devotion.
You visited 1 branch of the dungeon, and saw 5 of its levels.

You collected 293 gold pieces.

Inventory:

Hand Weapons
 a - a +0 long sword (weapon)
Armour
 b - a +0 scale mail (worn)
 c - a +1 buckler (worn)
Jewellery
 g - a ring of protection from fire
 o - the ring "Fijarr" (right hand) {rPois rF+ rCorr Int+3 Stlth+}
   (You found it on level 4 of the Dungeon)

   [ring of resist corrosion]

   Int:       It affects your intelligence (+3).
   rF:        It protects you from fire.
   rPois:     It protects you from poison.
   rCorr:     It protects you from acid and corrosion.
   Stlth:     It makes you more stealthy.
 q - an amulet of regeneration (around neck)
 s - a ring of ice
 t - a +5 ring of evasion (left hand)
Wands
 r - a wand of polymorph (26)
Scrolls
 l - a scroll of poison
 w - 2 scrolls of fear
Potions
 d - a potion of might
 e - 2 potions of heal wounds
 f - a potion of haste
 h - a potion of attraction
 i - a potion of mutation {unknown}
 j - 2 potions of resistance
 k - a potion of invisibility {unknown}
 m - 3 potions of brilliance
 n - a potion of ambrosia {unknown}
 p - 2 potions of curing {unknown}


   Skills:
 + Level 5.5 Fighting
 - Level 1.7 Long Blades
 - Level 3.2 Armour
 * Level 4.7 Dodging
 - Level 3.2 Shields
 + Level 3.4 Invocations
 + Level 2.8 Evocations


You had 7 spell levels left.
You didn't know any spells.
Your spell library contained the following spells:

 Spells                   Type           Power      Damage    Failure   Level
 Sandblast                Erth           0%         2d4       75%         1
 Passwall                 Tmut/Erth      0%         N/A       86%         2
 Stone Arrow              Conj/Erth      0%         3d7       98%         3


Dungeon Overview and Level Annotations

Branches:
Dungeon (5/15)
 Temple: D:4-7

Altars:
Gozag
Hepliaklqana
Kikubaaqudgha
Okawaru
Ru
Xom
The Shining One

Shops:
D:1 (

Annotations:
D:4 3 runed translucent doors, Shayle's ghost, amateur TeBr


Innate Abilities, Weirdness & Mutations

You are immune to sickness and miasma.
Your stone body is resilient. (AC +5)
You are immune to poison.
You resist negative energy. (rN+)
You are resistant to electric shocks. (rElec)
You are resistant to unholy torment.
You are immune to petrification.


Message History

The shadow imp is moderately wounded.
The shadow imp barely misses you.
You hit the shadow imp.
The shadow imp is severely wounded.
The shadow imp misses you.
You hit the shadow imp.
You kill the shadow imp!
Okawaru accepts your kill.
You have reached level 8!
You feel clever.
Found a stone staircase leading down.
An ogre comes into view. It is wielding a +0 giant club.
The ogre shouts!
The ogre hits you with a +0 giant club!
You hit the ogre.
The ogre is lightly wounded.
The ogre misses you.
You hit the ogre.
The ogre is moderately wounded.
You completely miss the ogre.
The ogre is moderately wounded.
The ogre misses you.
You barely miss the ogre.
The ogre is moderately wounded.
The ogre hits you with a +0 giant club!
You slash the ogre!
The ogre is heavily wounded.
The ogre misses you.
You barely miss the ogre.
The ogre is heavily wounded.
The ogre hits you with a +0 giant club!
* * * LOW HITPOINT WARNING * * *
You hit the ogre.
The ogre is severely wounded.
The ogre hits you with a +0 giant club.
* * * LOW HITPOINT WARNING * * *
You barely miss the ogre.
The ogre is severely wounded.
The ogre hits you with a +0 giant club!!
You die...

#....########
##..>........##
#.....######..#
##....## #...
##......# ##..
#.......# ###..
##..##########....
#..## #.........
#@## #..#####..
#O# # ##. #.# #.
#.# ## .## ####. #
#.... ##### #


You could see an ogre.

Vanquished Creatures
  An ice beast (D:5)
  A black bear (D:5)
  An ogre (D:5)
  A phantom (D:4)
  A necrophage (D:5)
  An orc priest (D:3)
  3 hounds (D:5)
  A jelly (D:4)
  An iguana (D:4)
  2 orc wizards
  6 adders
  4 gnolls (D:5)
  A shadow imp (D:5)
  A worm (D:4)
  2 dart slugs (D:2)
  15 orcs
  8 endoplasms
  3 giant cockroaches
  5 hobgoblins
  5 jackals (D:1)
  5 quokkas
  9 ball pythons
  6 bats
  6 frilled lizards
  10 goblins
  8 kobolds
  10 rats
117 creatures vanquished.

Notes
Turn   | Place    | Note
-------+----------+-------------------------------------------
     0 | D:1      | timneilson the Gargoyle Fighter began the quest for the
                  | Orb.
     0 | D:1      | Reached XP level 1. HP: 14/14 MP: 1/1
    52 | D:1      | Found Enatocw's Weapon Shop.
    69 | D:1      | Reached XP level 2. HP: 12/19 MP: 2/2
    73 | D:1      | Reached skill level 1 in Dodging
   443 | D:1      | Reached XP level 3. HP: 18/24 MP: 3/3
  1113 | D:2      | Reached skill level 4 in Fighting
  1113 | D:2      | Reached XP level 4. HP: 28/29 MP: 4/4
  1635 | D:3      | Found an ancient bone altar of Kikubaaqudgha.
  1636 | D:3      | Found an iron altar of Okawaru.
  1636 | D:3      | Found a hazy altar of Hepliaklqana.
  1636 | D:3      | Found a glowing golden altar of the Shining One.
  1648 | D:3      | Became a worshipper of Warmaster Okawaru
  1658 | D:3      | Found a shimmering altar of Xom.
  1663 | D:3      | Found a sacrificial altar of Ru.
  1689 | D:3      | Found a faded altar of an unknown god.
  1795 | D:3      | Reached XP level 5. HP: 31/33 MP: 5/5
  1856 | D:3      | Reached skill level 1 in Invocations
  1953 | D:3      | Reached skill level 1 in Evocations
  2252 | D:4      | Identified the ring "Fijarr" {rPois rF+ rCorr Int+3 Stlth+}
  2264 | D:4      | Reached XP level 6. HP: 28/39 MP: 7/7
  2520 | D:4      | Reached * piety under Okawaru
  2704 | D:4      | Found a runed translucent gate.
  2705 | D:4      | Found a runed translucent gate.
  2710 | D:4      | Found an opulent altar of Gozag.
  2711 | D:4      | Found a runed translucent gate.
  2713 | D:4      | Noticed Shayle's ghost (amateur TeBr)
  2769 | D:5      | Entered Level 5 of the Dungeon
  2773 | D:5      | Noticed an ice beast
  2797 | D:5      | Killed an ice beast
  2798 | D:5      | Reached skill level 5 in Fighting
  2798 | D:5      | Reached XP level 7. HP: 43/44 MP: 8/8
  3728 | D:5      | Reached XP level 8. HP: 50/50 MP: 10/10
  3845 | D:5      | Slain by an ogre

Illustrated notes

Levels and vault maps discovered:
D:1:      lightli_arrival_statuegarden, layout_basic, serial_shops,
          nicolae_shop_trees
D:2:      layout_loops_ring
D:3:      minmay_recursive_quarters, layout_basic, minmay_overflow_temple_hex,
          chequers_ecumenical_altar_simple_redux
D:4:      layout_cave_pools, ebering_ghost_gozag
D:5:      layout_layer_cave

Skill      XL: |  1  2  3  4  5  6  7 |
---------------+----------------------+-----
Dodging        | 1 2 3 4 |  4.7
Fighting       | 4 5 |  5.5
Invocations    | 1 2 3 |  3.4
Evocations     | 1 2 |  2.8
Long Blades    | |  1.7
Armour         | |  3.2
Shields        | |  3.2

Action                     |  1- 3 |  4- 6 |  7- 9 || total
---------------------------+-------+-------+-------++-------
  Melee: Long sword        |   168 |   327 |   130 ||   625
    Use: Scroll            |     2 |    11 |       ||    13
 Armour: Scale mail        |   151 |   205 |    63 ||   419
  Dodge: Dodged            |   117 |   228 |   131 ||   476
  Block: Buckler           |    59 |    82 |    40 ||   181

Table legend: (Time is in decaauts)
 A = Elapsed time spent in this place.
 B = Non-inter-level travel time spent in this place.
 C = Inter-level travel time spent in this place.
 D = Time resting spent in this place.
 E = Time spent auto-exploring this place.
 F = Levels seen in this place.
 G = Mean time per level.
                   A        B        C        D        E       F      G
               +--------+--------+--------+--------+--------+-----+--------+
         Total |   4067 |   4020 |     47 |     37 |   2754 |   5 |  813.4 |
       Dungeon |   4067 |   4020 |     47 |     37 |   2754 |   5 |  813.4 |
               +--------+--------+--------+--------+--------+-----+--------+

Top non-repeatable levels by time:
     D:5: 1133 daAuts
     D:2: 874 daAuts
     D:1: 808 daAuts
     D:4: 633 daAuts
     D:3: 617 daAuts
